 Dungeon Crawl Stone Soup version 0.24.0-1-gfbc8707122 (webtiles) character file.

Game seed: 10317514147635162746, levelgen mode: deterministic

4170 Jannitor the Basher (level 10, -5/118 HPs)
             Began as a Human Chaos Knight on Oct 27, 2019.
             Was a Plaything of Xom.
             Slain by a lindwurm (glowing shapeshifter) (16 damage)
             ... on level 1 of the Lair of Beasts.
             The game lasted 00:23:27 (11163 turns).

Jannitor the Basher (Human Chaos Knight)           Turns: 11163, Time: 00:23:27

Health: -5/118     AC: 10    Str: 21    XL:     10   Next: 53%
Magic:  10/10      EV: 11    Int: 12    God:    Xom [.*....]
Gold:   370        SH: 15    Dex: 13    Spells: 9/9 levels left

rFire    + . .     SeeInvis .   a - +4 mace (freeze)
rCold    + . .     Gourm    .   r - +0 shield
rNeg     . . .     Faith    +   j - +1 leather armour of the Lair of Beasts {rC+ rCorr}
rPois    .         Spirit   .   (no helmet)
rElec    .         Reflect  .   E - +0 cloak
rCorr    +         Harm     .   G - +2 pair of gloves
MR       +....                  (no boots)
Stlth    ..........             u - amulet of faith
HPRegen  0.69/turn              y - ring of protection from fire
MPRegen  0.12/turn              (no ring)

@: berserking, very quick
A: hooves 1, large bone plates 1, thin metallic scales 1, blurry vision 1, magic
resistance 1, regeneration 1, screaming 2
a: Renounce Religion


You were on level 1 of the Lair of Beasts.
You worshipped Xom.
You were a plaything of Xom.
You were not hungry.

You visited 3 branches of the dungeon, and saw 11 of its levels.

You collected 370 gold pieces.

Inventory:

Hand Weapons
 a - a +4 mace of freezing (weapon)
 b - a +4 fustibalus of chaos
 e - a +0 hunting sling
 k - a +2 flail
 m - a +0 mace of chaos
 A - a +0 morningstar
Missiles
 d - 62 sling bullets
 f - 137 stones (quivered)
 t - 5 silver boomerangs
 x - 10 poisoned darts
 I - a throwing net
Armour
 g - a +0 plate armour
 j - the +1 leather armour of the Lair of Beasts (worn) {rC+ rCorr}
   (You found it on level 4 of the Dungeon)

   It protects you from cold.
   It provides partial protection from all sources of acid and corrosion.
 r - a +0 shield (worn)
 E - a +0 cloak (worn)
 G - a +2 pair of gloves (worn)
Jewellery
 s - an uncursed amulet of harm
 u - an amulet of faith (around neck)
 y - a ring of protection from fire (left hand)
 D - an uncursed ring of flight
Wands
 o - a wand of digging (4)
 w - a wand of polymorph (3)
 z - a wand of scattershot (6)
 C - a wand of flame (32)
Scrolls
 h - 3 scrolls of remove curse
 l - 6 scrolls of identify
 q - 2 scrolls of immolation
 H - a scroll of teleportation
 J - a scroll of fear
Potions
 i - 2 potions of brilliance
 p - a potion of agility
 v - a potion of might
 B - a potion of curing
Comestibles
 c - 22 rations


   Skills:
 + Level 7.6 Fighting
 - Level 9.3 Maces & Flails
 + Level 3.1 Slings
 - Level 3.3 Armour
 - Level 2.7 Dodging
 * Level 7.8 Shields


You had 9 spell levels left.
You didn't know any spells.
Your spell library was empty.

Dungeon Overview and Level Annotations

Branches:
Dungeon (9/15)             Temple (1/1) D:6            Lair (1/6) D:8
    Orc: D:9-12

Altars:
Ashenzari
Cheibriados
Dithmenos
Elyvilon
Fedhas
Gozag
Hepliaklqana
Kikubaaqudgha
Makhleb
Nemelex Xobeh
Okawaru
Qazlal
Ru
Sif Muna
Trog
Uskayaw
Vehumet
Wu Jian
Xom
Yredelemnul
The Shining One

Annotations:
D:9 Erolcha


Innate Abilities, Weirdness & Mutations

You have large cloven feet.
You are partially covered in large bone plates. (SH +4)
You are partially covered in thin metallic scales. (AC +2)
Scrolls take you a little longer to read.
You are resistant to hostile enchantments. (MR+)
Your natural rate of healing is unusually fast.
You sometimes yell uncontrollably at your foes.


Message History

The lindwurm is engulfed in seething chaos.
The lindwurm goes berserk!
You block the lindwurm's attack. The lindwurm claws you. x2
Evoke which item? (* to show all) (? for menu, Esc to quit)
Aiming: Scattershot
Press: ? - help, Shift-Dir - straight line, f - lindwurm
Aim: a lindwurm shaped shifter (severely wounded, berserk, fast, unusually strong)
The burst of metal fragments hits the lindwurm but does no damage. x3
The lindwurm is severely wounded.
The lindwurm bites you!!
* * * LOW HITPOINT WARNING * * *
The lindwurm claws you!
* * * LOW HITPOINT WARNING * * *
You block the lindwurm's attack. x4
A red film seems to cover your vision as you go berserk!
You feel yourself moving faster!
You feel mighty!
Xom's attention almost turns to you for a moment.
You feel uncomfortable. The lindwurm bites you!
You die...
Xom chortles!

..#...++#..#.#.####+#..###..####
.....#........../............#
.............#..............####
..........P..#...............##.
S...............................
.............#.......#.+###.###.
........P....#.......#. #....#
......#.#..P##.......#.. #.#...
..............†@k.>..... #.....
.....................#.. #.#..+
......#.P##..#.#.##..... #.+..#
......#....#....... .... ..#..#
##.........#....#..... .#.#...
#!#......#.>..........#.#...
..#............. # . .#
#....P.+....#..


You could see a lindwurm shaped shifter (berserk).

Vanquished Creatures
  3 hippogriffs (D:7)
  Sigmund (D:3)
  A yak (D:8)
  A water moccasin (Lair:1)
  A porcupine (Lair:1)
  An orc warrior (D:8)
  3 phantoms
  An ice beast (D:8)
  A black bear (D:7)
  A necrophage (D:7)
  An ogre (D:5)
  3 centaurs
  A crocodile (Lair:1)
  A bullfrog (D:6)
  A big kobold (D:8)
  2 scorpions
  9 killer bees
  7 wights
  A bullfrog zombie (D:8)
  4 crimson imps
  3 jellies
  2 orc priests (D:4)
  4 iguanas
  8 orc wizards
  3 worker ants
  A hound skeleton (D:3)
  A howler monkey zombie (D:7)
  3 gnolls (D:8)
  5 adders
  2 shadow imps
  An adder zombie (D:8)
  6 worms
  6 dart slugs
  9 leopard geckos
  24 orcs
  7 giant cockroaches
  2 goblins (D:2)
  5 hobgoblins
  20 jackals
  4 kobolds
  2 quokkas
  A ball python (D:3)
  5 bats
  10 frilled lizards
  A giant cockroach zombie (D:5)
  7 rats
186 creatures vanquished.

Vanquished Creatures (collateral kills)
  A phantom (D:9)
  A killer bee (D:9)
  An iguana (D:4)
  An adder skeleton (D:4)
  3 orcs (D:4)
7 creatures vanquished.

Vanquished Creatures (others)
  A jackal skeleton (D:4)
1 creature vanquished.

Grand Total: 194 creatures vanquished

Notes
Turn   | Place    | Note
-------+----------+-------------------------------------------
     0 | D:1      | Jannitor the Human Chaos Knight began the quest for the
                  | Orb.
     0 | D:1      | Reached XP level 1. HP: 18/18 MP: 1/1
   300 | D:1      | XOM: harmless Erth miscast
   355 | D:1      | Reached XP level 2. HP: 17/24 MP: 2/2
   827 | D:1      | XOM: noise
   834 | D:1      | Reached XP level 3. HP: 24/29 MP: 3/3
  1002 | D:1      | XOM: medium Pois miscast
  1295 | D:2      | XOM: potion effect (berserk rage)
  1349 | D:1      | XOM: enchant monster (good)
  1352 | D:1      | Reached skill level 4 in Maces & Flails
  1919 | D:2      | Reached XP level 4. HP: 35/35 MP: 4/4
  2425 | D:2      | XOM: cloud trail
  2470 | D:2      | XOM: scenery: create altars
  2614 | D:3      | XOM: summons 2 hostile shadow creatures
  2684 | D:3      | XOM: medium Hex miscast
  2766 | D:3      | XOM: give mutation
  2766 | D:3      | Gained mutation: You are clumsy. (Dex -2) [Xom's mischief]
  2857 | D:3      | Noticed Sigmund
  2867 | D:3      | XOM: summons 2 hostile shadow creatures
  2901 | D:2      | XOM: mild Ice miscast
  2903 | D:3      | XOM: mild Air miscast
  3092 | D:3      | XOM: confusion (+ monsters)
  3097 | D:3      | XOM: swap monsters
  3115 | D:3      | Killed Sigmund
  3115 | D:3      | Reached skill level 5 in Maces & Flails
  3115 | D:3      | Reached skill level 1 in Shields
  3115 | D:3      | Reached XP level 5. HP: 18/42 MP: 5/5
  3115 | D:3      | Reached XP level 6. HP: 21/48 MP: 6/6
  3269 | D:3      | XOM: mild Hex miscast
  3360 | D:3      | Found a blossoming altar of Fedhas.
  3710 | D:3      | XOM: give mutations
  3710 | D:3      | Gained mutation: You passively map a small area around you.
                  | [Xom's grace]
  3710 | D:3      | Lost mutation: You are clumsy. (Dex -2) [Xom's grace]
  3710 | D:3      | Gained mutation: You are partially covered in thin metallic
                  | scales. (AC +2) [Xom's grace]
  3842 | D:4      | XOM: enchant monster (good)
  3865 | D:4      | XOM: summons 2 friendly demons
  3950 | D:4      | Noticed a phantom
  3998 | D:4      | XOM: 5-stop teleportation journey
  4072 | D:4      | XOM: 1-stop teleportation journey
  4084 | D:4      | XOM: medium Air miscast
  4290 | D:4      | Reached XP level 7. HP: 49/55 MP: 7/7
  4349 | D:4      | Found an ornate altar of the Wu Jian Council.
  4497 | D:4      | Reached skill level 6 in Maces & Flails
  4575 | D:4      | XOM: give mutations
  4575 | D:4      | Gained mutation: You are clumsy. (Dex -2) [Xom's mischief]
  4575 | D:4      | Lost mutation: You are clumsy. (Dex -2) [Xom's mischief]
  4598 | D:4      | XOM: cleaving
  4731 | D:4      | XOM: mild Conj miscast
  4735 | D:4      | XOM: confusion
  4736 | D:4      | XOM: mild Hex miscast
  4737 | D:4      | XOM: confusion (+ monsters)
  4738 | D:4      | Lost mutation: You passively map a small area around you.
                  | [potion of mutation]
  4738 | D:4      | Gained mutation: You have large cloven feet. [potion of
                  | mutation]
  4738 | D:4      | Gained mutation: You have an increased reservoir of magic.
                  | (+10% MP) [potion of mutation]
  4752 | D:4      | XOM: give mutation
  4752 | D:4      | Gained mutation: You are clumsy. (Dex -2) [Xom's mischief]
  4984 | D:4      | XOM: give mutation
  4984 | D:4      | Gained mutation: You are dopey. (Int -2) [Xom's mischief]
  4986 | D:4      | XOM: give mutations
  4986 | D:4      | Lost mutation: You are clumsy. (Dex -2) [Xom's mischief]
  4986 | D:4      | Gained mutation: Your flesh is cold resistant. (rC+) [Xom's
                  | mischief]
  4986 | D:4      | Gained mutation: You are very dopey. (Int -4) [Xom's
                  | mischief]
  4991 | D:4      | Found a radiant altar of Vehumet.
  4994 | D:4      | Got an ancient leather armour
  4995 | D:4      | Identified the +1 leather armour of the Lair of Beasts {rC+
                  | rCorr} (You found it on level 4 of the Dungeon)
  5025 | D:4      | XOM: give mutation
  5025 | D:4      | Lost mutation: You are very dopey. (Int -4) [Xom's
                  | mischief]
  5072 | D:5      | Entered Level 5 of the Dungeon
  5108 | D:5      | XOM: noise
  5221 | D:5      | Reached skill level 5 in Fighting
  5331 | D:5      | Found a shattered altar of Ashenzari.
  5359 | D:5      | Found a stormy altar of Qazlal.
  5443 | D:5      | Reached XP level 8. HP: 43/62 MP: 8/8
  5489 | D:5      | XOM: harmless Pois miscast
  5496 | D:5      | Reached skill level 7 in Maces & Flails
  5802 | D:5      | XOM: confusion
  5979 | D:5      | XOM: confusion (+ monsters)
  6126 | D:5      | XOM: harmless Conj miscast
  6261 | D:5      | XOM: harmless Air miscast
  6438 | D:5      | XOM: silly message
  6669 | D:6      | Found a sparkling altar of Nemelex Xobeh.
  6935 | D:6      | XOM: enchant monster (bad)
  7214 | D:6      | XOM: harmless Erth miscast
  7215 | D:6      | XOM: stat loss: -1 Str (14/15)
  7482 | D:7      | Found a hazy altar of Hepliaklqana.
  7496 | D:7      | Reached skill level 8 in Maces & Flails
  7506 | D:7      | Noticed a hippogriff
  7571 | D:7      | Noticed a hippogriff
  7579 | D:7      | Killed a hippogriff
  7579 | D:7      | Reached XP level 9. HP: 56/67 MP: 9/9
  7637 | D:7      | Found a shadowy altar of Dithmenos.
  7680 | D:6      | Found a staircase to the Ecumenical Temple.
  7689 | Temple   | Entered the Ecumenical Temple
  7982 | D:6      | Found a shattered altar of Ashenzari.
  8050 | D:6      | XOM: give mutations
  8050 | D:6      | Gained mutation: You occasionally shout uncontrollably at
                  | your foes. [Xom's mischief]
  8050 | D:6      | Lost mutation: You have an increased reservoir of magic.
                  | (+10% MP) [Xom's mischief]
  8050 | D:6      | Gained mutation: You are resistant to hostile enchantments.
                  | (MR+) [Xom's mischief]
  8050 | D:6      | Gained mutation: Scrolls take you a little longer to read.
                  | [Xom's mischief]
  8053 | D:6      | XOM: scenery: 1 doors close
  8119 | D:7      | XOM: noise
  8122 | D:7      | XOM: noise
  8363 | D:6      | XOM: enchant monster (bad)
  8366 | D:6      | Reached skill level 5 in Shields
  8379 | D:7      | Noticed a hippogriff
  8441 | D:7      | Killed a hippogriff
  8618 | D:6      | XOM: god gift: 18 arrows
  8873 | D:7      | XOM: medium Erth miscast
  8910 | D:7      | Killed a hippogriff
  8969 | D:7      | XOM: cloud trail
  9036 | D:7      | XOM: fake destruction
  9097 | D:7      | XOM: cloud trail
  9202 | D:7      | XOM: harmless Erth miscast
  9203 | D:7      | XOM: torment (36/71 hp)
  9261 | D:7      | XOM: give mutations
  9261 | D:7      | Lost mutation: Your flesh is cold resistant. (rC+) [Xom's
                  | mischief]
  9261 | D:7      | Gained mutation: You sometimes yell uncontrollably at your
                  | foes. [Xom's mischief]
  9261 | D:7      | Lost mutation: You are dopey. (Int -2) [Xom's mischief]
  9261 | D:7      | Gained mutation: You are clumsy. (Dex -2) [Xom's mischief]
  9263 | D:7      | XOM: noise
  9380 | D:7      | XOM: harmless Tmut miscast
  9411 | D:7      | XOM: cloud trail
  9436 | D:7      | XOM: polymorph bullfrog -> jelly
  9437 | D:7      | Reached skill level 9 in Maces & Flails
  9464 | D:7      | XOM: harmless Necr miscast
  9514 | D:7      | XOM: give mutations
  9514 | D:7      | Lost mutation: You are clumsy. (Dex -2) [Xom's grace]
  9514 | D:7      | Gained mutation: Your natural rate of healing is unusually
                  | fast. [Xom's grace]
  9514 | D:7      | Gained mutation: You are partially covered in large bone
                  | plates. (SH +4) [Xom's grace]
  9522 | D:7      | XOM: god gift: wand of scattershot (7)
  9572 | D:7      | XOM: god gift: 6 rations
  9601 | D:8      | XOM: enchant monster (good)
  9607 | D:8      | Found a shimmering altar of Xom.
  9608 | D:8      | Found a shimmering altar of Xom.
  9609 | D:8      | Found a shimmering altar of Xom.
  9609 | D:8      | Found a shimmering altar of Xom.
  9610 | D:8      | Found a shimmering altar of Xom.
  9610 | D:8      | Found a shimmering altar of Xom.
  9613 | D:8      | XOM: summons friendly quasit
  9637 | D:8      | Noticed a hornet
  9637 | D:8      | an acid dragon changed into a hornet
  9695 | D:8      | XOM: scenery: create altars
  9841 | D:7      | XOM: enchant monster (bad)
  9847 | D:7      | Reached XP level 10. HP: 51/77 MP: 10/10
  9898 | D:7      | XOM: god gift: glowing fustibalus {god gift}
  9905 | D:8      | XOM: 1-stop teleportation journey
 10056 | D:8      | Found a bloodstained altar of Trog.
 10062 | D:8      | Found a shimmering blue altar of Sif Muna.
 10067 | D:8      | Found a hide-covered altar of Uskayaw.
 10103 | D:8      | Reached skill level 1 in Slings
 10103 | D:8      | XOM: smoke on damage
 10430 | D:8      | XOM: mild Necr miscast
 10441 | D:8      | Found a staircase to the Lair.
 10474 | D:8      | Noticed an ettin
 10475 | D:8      | Noticed a harpy
 10613 | D:8      | XOM: summons friendly crimson imp
 10755 | D:9      | XOM: enchant monster (good)
 10958 | D:9      | Noticed Erolcha
 10985 | Lair:1   | Entered Level 1 of the Lair of Beasts
 11124 | Lair:1   | XOM: cloud trail
 11133 | Lair:1   | XOM: 2-stop teleportation journey
 11157 | Lair:1   | Noticed a glowing shapeshifter
 11157 | Lair:1   | a porcupine changed into a glowing shapeshifter
 11158 | Lair:1   | Noticed a lindwurm
 11158 | Lair:1   | a glowing shapeshifter changed into a lindwurm
 11163 | Lair:1   | XOM: harmless Tloc miscast
 11163 | Lair:1   | Slain by a lindwurm (glowing shapeshifter)

Levels and vault maps discovered:
D:1:      erik_arrival_cave_to_civilisation [erik_arrival_cave_to_hall],
          layout_basic
D:2:      layout_rooms, nicolae_overflow_hidden_temple, first_ration,
          kennysheep_generic_room_7
D:3:      layout_basic, overflow_temple_1_default, uniq_sigmund
D:4:      layout_rooms, vehumet_crystals, nicolae_overflow_crystal_walls
D:5:      layout_cave_pools, nicolae_qazlal_general_emergency,
          gup_sewer_entry_bowl, ashenzari_altar_1
D:6:      layout_gridville, minmay_temple_entry_statues_fountains, basic_altar,
          nemelex_xobeh_ov_fountains_minmay
D:7:      layout_loops_ring, overflow_temple_1_default, old_standard_altar
D:8:      layout_rooms, xom_shifter_show, minmay_overflow_temple_star_quad,
          dpeg_oklobed_lair, blue_anna_alchemist [blue_anna_fruit_fields,
          blue_anna_fruit_fields]
D:9:      minmay_the_grid_triangle_9x9_recursive_2
          [minmay_the_grid_triangle_9x9_prize_schism,
          minmay_the_grid_triangle_9x9_zippers_horizontal,
          minmay_the_grid_triangle_9x9_checkered,
          minmay_the_grid_triangle_9x9_corruption], layout_basic,
          overflow_temple_1_default, interstate_on_off, uniq_erolcha
Temple:   jpeg_temple_island
Lair:1:   layout_chaotic_city, chequers_serial_rivers_small_3,
          lemuel_fruit_fields, serial_bayou_shore_a

Skill      XL: |  1  2  3  4  5  6  7  8  9 10 |
---------------+-------------------------------+-----
Maces & Flails | 4 5 6 8 9 |  9.3
Fighting       | 4 5 6 7 |  7.6
Shields        | 1 2 3 4 6 7 |  7.8
Dodging        | 2 |  2.7
Armour         | 3 |  3.3
Slings         | 3 |  3.1

Action                   |  1- 3 |  4- 6 |  7- 9 | 10-12 || total
-------------------------+-------+-------+-------+-------++-------
Melee: Mace              |    83 |    21 |    26 |    78 ||   208
       Flail             |       |   184 |   288 |       ||   472
       Kick              |       |       |    85 |    27 ||   112
 Fire: Hunting sling     |     2 |    38 |    82 |       ||   122
       Fustibalus        |       |       |       |    62 ||    62
Evoke: Wand              |       |     6 |    20 |     3 ||    29
  Use: Potion            |     2 |     6 |     2 |     1 ||    11
       Scroll            |       |     1 |    12 |     1 ||    14
 Stab: Confused          |     1 |     1 |       |       ||     2
       Paralysed         |     3 |       |     2 |       ||     5
       Invisible         |       |     1 |       |       ||     1
  Eat: Chunk             |     2 |     9 |    17 |     2 ||    30
       Ration            |       |       |       |     1 ||     1
Armor: Leather armour    |    33 |    31 |    94 |    26 ||   184
       Robe              |       |    52 |     2 |       ||    54
Dodge: Dodged            |    67 |   124 |   113 |    28 ||   332
Block: Shield            |       |    84 |   150 |    91 ||   325
